 Dungeon Crawl Stone Soup version 0.29-a0-352-g0917bc69df (webtiles) character file.

Game seed: 12849246849253950842

43 spaghetti the Protected (level 3, 0/28 HPs)
             Began as a Gnoll Wanderer on Apr 25, 2022.
             Slain by a worm (3 damage)
             ... on level 2 of the Dungeon.
             The game lasted 00:06:15 (1790 turns).

spaghetti the Protected (Gnoll Wanderer)            Turns: 1790, Time: 00:06:16

Health: 0/28       AC: 10    Str: 12    XL:     3   Next: 58%
Magic:  5/5        EV:  9    Int: 10    God:
Gold:   57         SH:  0    Dex: 13    Spells: 3/3 levels left

rFire   . . .      SeeInvis .   n - +3 spear {polearm}
rCold   . . .      Faith    .   (no shield)
rNeg    . . .      Spirit   .   d - +2 scale mail
rPois   .          Reflect  .   (no helmet)
rElec   .          Harm     .   (no cloak)
rCorr   .          Rampage  .   (no gloves)
Will    .....                   (no boots)
Stlth   ..........              (no amulet)
HPRegen 0.09/turn               (no ring)
MPRegen 0.09/turn               (no ring)

@: no status effects
A: fangs 1, strong nose, distributed training
a: no special abilities


You were on level 2 of the Dungeon.
You visited 1 branch of the dungeon, and saw 2 of its levels.

You collected 57 gold pieces.


Innate Abilities, Weirdness & Mutations

You have very sharp teeth.
Your uncanny sense of smell can sniff out nearby items.
Your experience applies equally to all skills.


   Skills:
 + Level 2.6 Fighting
 + Level 0.8 Short Blades
 + Level 0.8 Long Blades
 + Level 0.8 Axes
 + Level 0.8 Maces & Flails
 + Level 0.8 Polearms
 + Level 0.8 Staves
 + Level 0.8 Slings
 + Level 0.8 Bows
 + Level 0.8 Crossbows
 + Level 0.8 Throwing
 + Level 10.4 Armour
 + Level 0.8 Dodging
 + Level 0.8 Stealth
 + Level 0.8 Shields
 + Level 4.5 Unarmed Combat
 + Level 0.8 Spellcasting
 + Level 0.5 Conjurations
 + Level 0.5 Hexes
 + Level 0.5 Summonings
 + Level 0.5 Necromancy
 + Level 0.5 Translocations
 + Level 0.5 Transmutations
 + Level 0.5 Fire Magic
 + Level 0.5 Ice Magic
 + Level 0.5 Air Magic
 + Level 0.5 Earth Magic
 + Level 0.5 Poison Magic
 + Level 2.6 Invocations
 + Level 2.6 Evocations


You had 3 spell levels left.
You didn't know any spells.
Your spell library contained the following spells:

 Spells                   Type           Power      Damage    Failure   Level
 Ensorcelled Hibernation  Hex/Ice        2%         N/A       83%         2
 Passwall                 Tmut/Erth      0%         N/A       83%         2
 Swiftness                Air            1%         N/A       97%         3

Inventory:

Hand Weapons
 a - a +0 dagger {short}
 n - a +3 spear (weapon) {polearm}
   (You found it on level 2 of the Dungeon)
Missiles
 f - 6 boomerangs (quivered) {throwing}
 g - 38 stones {throwing}
 k - 2 poisoned darts {throwing}
Armour
 d - a +2 scale mail (worn)
Jewellery
 h - a ring of protection from cold
   (You found it on level 1 of the Dungeon)
 m - a ring of willpower
   (You found it on level 2 of the Dungeon)
Scrolls
 c - 2 scrolls of fog
 e - 2 scrolls of identify {unknown}
 j - a scroll of immolation {unknown}
 l - a scroll of torment {unknown}
Potions
 b - a potion of mutation {unknown}
 i - 3 potions of curing {@q1}

Dungeon Overview and Level Annotations

Branches:
Dungeon (2/15)

Altars:

..... .....###########
...............#
..............(# #
#.............# #
#......[".....# #
#....†w.......# #
#@.......# # #........#
####### #........#
#....## #...[....#
#....## #........#
#....## #........#
#.....+
#.#######'#######.....#
#.....................#
########.##....###'##.#


You could see a worm.


Message History

😕 HP[-1]
You take 1 damage, and now have 27/28 hp.
You barely miss the rat. The rat completely misses you.
You barely miss the rat. You bite the rat.
The rat bites you but does no damage.
You hit the rat.
You kill the rat!
No target in view!
No target in view! 😎 HP[+1]
Your hp is fully restored (28).
No target in view!
No target in view!
No target in view!
No target in view!
No target in view!
No target in view!
No target in view!
No target in view!
No target in view!
A worm and a quokka come into view.
There are monsters nearby!
The quokka closely misses you.
You closely miss the quokka.
The quokka bites you but does no damage.
You barely miss the quokka.
The quokka bites you but does no damage.
The quokka barely misses you.
You hit the quokka but do no damage. The quokka bites you. 😕 HP[-1]
You take 1 damage, and now have 27/28 hp.
You hit the quokka. The quokka bites you. 😕 HP[-1]
You take 1 damage, and now have 26/28 hp.
You are too injured to fight recklessly!
You are too injured to fight recklessly!
You are too injured to fight recklessly!
You are too injured to fight recklessly!
You are too injured to fight recklessly!
You are too injured to fight recklessly!
You are too injured to fight recklessly!
You are too injured to fight recklessly!
You are too injured to fight recklessly!
You are too injured to fight recklessly!
You are too injured to fight recklessly!
You are too injured to fight recklessly!
You are too injured to fight recklessly!
You are too injured to fight recklessly!
You are too injured to fight recklessly!
You are too injured to fight recklessly!
You are too injured to fight recklessly!
You hit the quokka but do no damage.
The quokka bites you but does no damage.
You hit the quokka.
The quokka bites you but does no damage. 😕 HP[+1]
You barely miss the quokka. You bite the quokka.
The quokka bites you but does no damage.
The worm bites you. 😕 HP[-1]
You take 1 damage, and now have 26/28 hp.
You hit the worm but do no damage. Your bite misses the worm.
The quokka bites you but does no damage.
The worm completely misses you.
The quokka bites you but does no damage.
You hit the quokka but do no damage. The quokka closely misses you.
You closely miss the quokka. The quokka bites you.
The worm barely misses you. 😕 HP[-1]
You take 1 damage, and now have 25/28 hp.
You barely miss the quokka.
The quokka bites you but does no damage.
You completely miss the quokka. The quokka bites you.
The worm bites you. 😮 HP[-8]
You take 8 damage, and now have 17/28 hp.
MASSIVE DAMAGE!! (PAUSE) Unknown command.
You hit the quokka.
The quokka bites you but does no damage.
The worm bites you.
* * * LOW HITPOINT WARNING * * *
The quokka bites you.
* * * LOW HITPOINT WARNING * * *
😨 HP[-5]
You take 5 damage, and now have 12/28 hp.
You barely miss the quokka.
The quokka bites you but does no damage.
Unknown command.
n - a +3 spear (weapon)
{polearm} The worm bites you!
* * * LOW HITPOINT WARNING * * *
😱 HP[-9]
You take 9 damage, and now have 3/28 hp.
MASSIVE DAMAGE!! (PAUSE)
You puncture the quokka!
You kill the quokka!
You barely miss the worm. The worm bites you.
* * * LOW HITPOINT WARNING * * *
You hit the worm. You barely miss the worm. The worm bites you.
You die...

Skill      XL: | |
---------------+-+-----
Armour         | | 10.4
Fighting       | |  2.6
Short Blades   | |  0.8
Long Blades    | |  0.8
Axes           | |  0.8
Maces & Flails | |  0.8
Polearms       | |  0.8
Staves         | |  0.8
Slings         | |  0.8
Bows           | |  0.8
Crossbows      | |  0.8
Throwing       | |  0.8
Dodging        | |  0.8
Stealth        | |  0.8
Shields        | |  0.8
Unarmed Combat | |  4.5
Spellcasting   | |  0.8
Conjurations   | |  0.5
Hexes          | |  0.5
Summonings     | |  0.5
Necromancy     | |  0.5
Translocations | |  0.5
Transmutations | |  0.5
Fire Magic     | |  0.5
Ice Magic      | |  0.5
Air Magic      | |  0.5
Earth Magic    | |  0.5
Poison Magic   | |  0.5
Invocations    | |  2.6
Evocations     | |  2.6

Action                   || total
-------------------------++-------
Melee: Dagger            ||   199
       Bite              ||    28
       Punch             ||     7
       Spear             ||     4
  Use: Potion            ||     1
Armor: Scale mail        ||   129
Dodge: Dodged            ||   103

Levels and vault maps discovered:
D:1:      roderic_dead_forest, layout_loops_ring
D:2:      layout_basic, eino_tiny_chamber, uniq_crazy_yiuf_cottage

Notes
Turn   | Place    | Note
-------+----------+-------------------------------------------
     0 | D:1      | Reached skill level 10 in Armour
     0 | D:1      | spaghetti the Gnoll Wanderer began the quest for the Orb.
     0 | D:1      | spaghetti set off with the following items: a +0 dagger
                  | {short}, a potion of curing {@q1}, 2 scrolls of fog, a +2
                  | scale mail
     0 | D:1      | Reached XP level 1. HP: 17/17 MP: 2/2
     0 | D:1      | magus.rc [v1.9.6]
     5 | D:1      | You pick up a book of Burglary and begin reading...
     5 | D:1      | You add the spells Passwall, Ensorcelled Hibernation and
                  | Swiftness to your library.
   137 | D:1      | Reached XP level 2. HP: 17/23 MP: 3/3
   365 | D:1      | Reached XP level 3. HP: 16/28 MP: 4/4
  1786 | D:2      | HP: 3/28 [worm (9)]
  1790 | D:2      | Slain by a worm

Vanquished Creatures
  A gnoll (D:1)
  4 endoplasms
  2 giant cockroaches (D:1)
  4 hobgoblins
  4 jackals (D:1)
  7 kobolds
  A quokka (D:2)
  2 ball pythons (D:1)
  A bat (D:1)
  5 rats
31 creatures vanquished.

Table legend:
 A = Non-vault XP
 B = Vault XP
 C = Vault XP percentage of total XP
 D = Non-vault monster count
 E = Vault monster count
 F = Vault count percentage of total count
                 A         B        C        D         E       F
            +---------+---------+-------+---------+---------+-------
      Total |      62 |       0 |   0.0 |      31 |       0 |   0.0
            +---------+---------+-------+---------+---------+-------
        D:1 |      51 |       0 |   0.0 |      24 |       0 |   0.0
        D:2 |      11 |       0 |   0.0 |       7 |       0 |   0.0
            +---------+---------+-------+---------+---------+-------

Illustrated notes

Table legend:
 A = Kills in this place as a percentage of kills in entire the game.
 B = Kills by you in this place as a percentage of kills by you in the entire game.
 C = Kills by friends in this place as a percentage of kills by friends in the entire game.
 D = Other kills in this place as a percentage of other kills in the entire game.
 E = Experience gained in this place as a percentage of experience gained in the entire game.
 F = Experience gained in this place divided by the number of levels of this place that you have seen.
                   A       B       C       D       E      F
               +-------+-------+-------+-------+-------+----------------------
         Total | 100.0 | 100.0 |   N/A |   N/A | 100.0 |  31.0
       Dungeon | 100.0 | 100.0 |   N/A |   N/A | 100.0 |  31.0
               +-------+-------+-------+-------+-------+----------------------

Table legend: (Time is in decaauts)
 A = Elapsed time spent in this place.
 B = Non-inter-level travel time spent in this place.
 C = Inter-level travel time spent in this place.
 D = Time resting spent in this place.
 E = Time spent auto-exploring this place.
 F = Levels seen in this place.
 G = Mean time per level.
                   A        B        C        D        E       F      G
               +--------+--------+--------+--------+--------+-----+--------+
         Total |   1785 |   1770 |     15 |     24 |   1417 |   2 |  892.5 |
       Dungeon |   1785 |   1770 |     15 |     24 |   1417 |   2 |  892.5 |
               +--------+--------+--------+--------+--------+-----+--------+

Top non-repeatable levels by time:
     D:1: 1376 daAuts
     D:2: 409 daAuts
